 Dungeon Crawl Stone Soup version 0.17-a0-15-g0155121 (webtiles) character file.

826 Psiweapon the Quickloader (level 8, -11/44 HPs)
             Began as a Kobold Hunter on Mar 5, 2015.
             Mangled by a hill giant
             ... wielding a +0 giant club
              (32 damage)
             ... on level 6 of the Dungeon.
             The game lasted 00:15:28 (4271 turns).

Psiweapon the Quickloader (Kobold Hunter)           Turns: 4271, Time: 00:15:28

Health: -11/44     AC: 10    Str: 11    XL:     8   Next: 17%
Magic:  8/8        EV: 15    Int:  9    God:
Gold:   125        SH:  0    Dex: 16    Spells: 0 memorised, 7 levels left

rFire  + . .     SeeInvis .     z - +3 spear (vamp)
rCold  + . .     Clarity  .     p - +2 robe {rF+}
rNeg   . . .     SustAb   .     (no shield)
rPois  .         Gourm    .     t - +1 helmet
rElec  .         Spirit   .     (no cloak)
rCorr  .         Warding  .     (no gloves)
rMut   .         Stasis   .     o - +0 pair of boots (curse)
MR     +....                    (no amulet)
Stlth  ++........               w - ring of protection from cold
                                l - ring of protection from magic

@: confused, somewhat resistant to hostile enchantments, unstealthy
A: yellow scales 1, carnivore 3, clumsy 1, shaggy fur 1
a: no special abilities


You were on level 6 of the Dungeon.
You were not hungry.

You visited 1 branch of the dungeon, and saw 6 of its levels.

You collected 125 gold pieces.

Inventory:

Hand weapons
 a - a +0 short sword
 b - a +1 hand crossbow
 q - a +1 dagger of holy wrath
 y - a +0 blowgun
 z - a +3 vampiric spear (weapon)
Missiles
 k - 27 poisoned needles
Armour
 d - a +0 leather armour
 o - a cursed +0 pair of boots (worn)
 p - a +2 robe of fire resistance (worn)
 t - a +1 helmet (worn)
Jewellery
 l - a ring of protection from magic (left hand)
 w - a ring of protection from cold (right hand)
Magical devices
 m - a wand of enslavement (0)
Scrolls
 e - 2 scrolls of blinking
 i - 2 scrolls of teleportation
 n - 2 scrolls of amnesia
 v - a scroll of fear {unknown}
 A - a scroll of identify
Potions
 c - a potion of decay
 g - 4 potions of curing
 j - a potion of berserk rage
 r - a potion of poison
 x - a potion of resistance
Comestibles
 f - 2 meat rations
 h - 2 beef jerkies


   Skills:
 - Level 2.1 Fighting
 + Level 8.9 Crossbows
 - Level 2.4 Dodging
 - Level 8.6 Stealth


You had 7 spell levels left.
You didn't know any spells.

Dungeon Overview and Level Annotations

Branches:
Dungeon (6/15)
 Temple: D:4-7

Altars:
Makhleb
Trog
Zin

Shops:
D:6 (


Innate Abilities, Weirdness & Mutations

You are small and have problems with some larger weapons.
You are carnivorous and can eat meat at any time.
You are partially covered in yellow scales (AC +2).
You are clumsy. (Dex -2)
You are covered in fur (AC +1).


Message History

You feel a dreadful hunger.
z - a +3 vampiric spear (weapon)
The orc wizard closely misses you.
You hit the orc.
The orc is severely wounded.
The orc struggles to escape the net.
The orc wizard hits you but does no damage.
The helpless orc fails to defend itself.
You puncture the orc!
You feel better.
You kill the orc!
The orc wizard gestures at you while chanting.
You are confused.
Found 9 bolts of frost.
The hill giant hits you with a giant club!!
You hit the hill giant.
The hill giant is lightly wounded.
The orc wizard misses you.
The hill giant hits you with a giant club!!
Ouch! That really hurt!
You die...

.####### (.......#
.........##
.......... # #
.........###.#.##
#........@....[(..
#.<.....oC#.......
##
..........)(((.(#
..
#.........#.#.###
... #.........#.#
# ... #####.#.###
# #.# #.#.#
#.####### #.#.#
........##
#.#.###.#.#


You could see a hill giant and an orc wizard.

Vanquished Creatures
  A sky beast (D:3)
  4 ogres (D:5)
  A giant frog (D:5)
  A gnoll sergeant (D:5)
  A crimson imp (D:5)
  A worker ant (D:4)
  An iguana (D:4)
  Robin (D:3)
  6 adders
  A gnoll (D:5)
  A giant mite (D:6)
  A worm (D:2)
  An adder skeleton (D:6)
  An ooze (D:2)
  7 orcs
  3 giant cockroaches
  12 hobgoblins
  A ball python (D:5)
  10 bats
  2 giant geckos
  A giant gecko skeleton (D:4)
  6 giant newts
  15 goblins
  6 kobolds
  5 quokkas
  4 rats
94 creatures vanquished.

Vanquished Creatures (collateral kills)
  4 gnolls (D:5)
4 creatures vanquished.

Grand Total: 98 creatures vanquished

Notes
Turn   | Place    | Note
--------------------------------------------------------------
     0 | D:1      | Psiweapon, the Kobold Hunter, began the quest for the Orb.
     0 | D:1      | Reached XP level 1. HP: 12/12 MP: 1/1
   161 | D:1      | Reached XP level 2. HP: 8/17 MP: 2/2
   659 | D:2      | Reached XP level 3. HP: 21/21 MP: 3/3
   874 | D:2      | Found a bloodstained altar of Trog.
   916 | D:2      | Found a burning altar of Makhleb.
  1333 | D:2      | Found a glowing silver altar of Zin.
  1722 | D:3      | Reached skill level 5 in Stealth
  1786 | D:3      | Reached XP level 4. HP: 26/26 MP: 4/4
  1791 | D:3      | Noticed Robin
  1822 | D:3      | Killed Robin
  2126 | D:3      | Reached skill level 6 in Stealth
  2227 | D:3      | Noticed a sky beast
  2235 | D:3      | Killed a sky beast
  2235 | D:3      | Reached skill level 7 in Stealth
  2235 | D:3      | Reached XP level 5. HP: 20/30 MP: 5/5
  2297 | D:3      | You fall through a shaft for 2 floors!
  2297 | D:5      | Entered Level 5 of the Dungeon
  2357 | D:5      | Gained mutation: You are clumsy. (Dex -2) [potion of mutation]
  2357 | D:5      | Gained mutation: You are partially covered in yellow scales (AC +2). [potion of mutation]
  2357 | D:5      | Gained mutation: You are covered in fur (AC +1). [potion of mutation]
  2489 | D:5      | Reached skill level 8 in Stealth
  2489 | D:5      | Reached XP level 6. HP: 35/35 MP: 6/6
  2641 | D:4      | Reached skill level 5 in Crossbows
  3314 | D:5      | Reached XP level 7. HP: 29/40 MP: 7/7
  3391 | D:5      | Noticed an ogre
  3396 | D:5      | Killed an ogre
  3454 | D:5      | Noticed an ogre
  3460 | D:5      | Killed an ogre
  3563 | D:5      | Noticed an ogre
  3572 | D:5      | Killed an ogre
  3596 | D:5      | Noticed an ogre
  3603 | D:5      | Killed an ogre
  3603 | D:5      | Reached XP level 8. HP: 44/44 MP: 8/8
  4212 | D:6      | Found Uluor's Weapon Shop.
  4260 | D:6      | Noticed a hill giant
  4271 | D:6      | Mangled by a hill giant

Action                   |  1- 3 |  4- 6 |  7- 9 || total
-------------------------+-------+-------+-------++-------
Melee: Short sword       |    80 |    14 |       ||    94
       Dagger            |       |       |    10 ||    10
       Spear             |       |       |     3 ||     3
 Fire: Hand crossbow     |    53 |    78 |    71 ||   202
       Blowgun           |       |     2 |     3 ||     5
Throw: Throwing net      |       |       |     1 ||     1
Evoke: Wand              |       |     6 |       ||     6
  Use: Scroll            |       |     9 |       ||     9
       Potion            |       |     1 |       ||     1
 Stab: Sleeping          |     1 |       |       ||     1
       Held in net/web   |       |       |     1 ||     1
  Eat: Chunk             |    11 |     1 |     4 ||    16
